[Event "9th RTU Open 2019"]
[Site "Riga"]
[Date "2019.08.09"]
[Round "7.22"]
[White "Lobanov, Sergei"]
[Black "Ioannidis, Evgenios"]
[Result "1/2-1/2"]
[ECO "C90"]
[WhiteElo "2505"]
[BlackElo "2378"]
[Annotator "ChessBase"]
[PlyCount "85"]
[EventDate "2019.08.05"]
[EventType "swiss"]
[EventCountry "LAT"]
[SourceTitle "playchess.com"]
[Source "ChessBase"]
[SourceQuality "1"]
[TimeControl "5400+30"]

1. e4 e5 2. Nf3 Nc6 3. Bb5 a6 4. Ba4 Nf6 5. O-O Be7 6. Re1 b5 7. Bb3 O-O 8. d3 d6 9. c3 Na5 10. Bc2 c5 11. d4 cxd4 12. cxd4 Nc6 13. h3 Bb7 14. Nc3 Rc8 15. Be3 b4 16. Na4 Na5 17. dxe5 dxe5 18. Nb6 Qxd1 19. Bxd1 Rcd8 20. Nxe5 Bxe4 21. Ba4 Bf5 22. Rac1 Be6 23. Bc5 Bxc5 24. Rxc5 Rd6 25. Nbd7 Nxd7 26. Nxd7 Bxd7 27. Bxd7 Rxd7 28. Rxa5 Rd6 29. b3 g6 30. Re4 Rb8 31. g4 Kg7 32. Kg2 Rbb6 33. g5 h6 34. h4 hxg5 35. hxg5 Rd2 36. Kg3 Rc6 37. Rf4 Rc3+ 38. Kg2 Rc6 39. Re5 Rc7 40. Ra5 Rc6 41. Kg3 Rc3+ 42. Rf3 Rc6 43. Rf4 1/2-1/2

[Event "9th RTU Open 2019"]
[Site "Riga"]
[Date "2019.08.09"]
[Round "7.23"]
[White "Narva, Mai"]
[Black "Jurcik, Marian"]
[Result "1/2-1/2"]
[ECO "B83"]
[WhiteElo "2358"]
[BlackElo "2501"]
[Annotator "ChessBase"]
[PlyCount "90"]
[EventDate "2019.08.05"]
[EventType "swiss"]
[EventCountry "LAT"]
[SourceTitle "playchess.com"]
[Source "ChessBase"]
[SourceQuality "1"]
[TimeControl "5400+30"]

1. e4 c5 2. Nf3 d6 3. d4 cxd4 4. Nxd4 Nf6 5. Nc3 e6 6. Be2 Be7 7. O-O O-O 8. Be3 Nc6 9. Kh1 e5 10. Nb3 Be6 11. Bf3 Na5 12. Nxa5 Qxa5 13. Qd2 Qc7 14. a4 b6 15. Bg5 Rac8 16. Be2 h6 17. Bxf6 Bxf6 18. Ba6 Rcd8 19. Rad1 Kh8 20. Qe2 Bg5 21. Nd5 Qc6 22. Bb5 Qb7 23. Nb4 Qc7 24. b3 f5 25. f3 Qf7 26. exf5 Bxf5 27. Bc4 Qg6 28. Bd3 Bxd3 29. Rxd3 e4 30. Rdd1 Rde8 31. fxe4 Rxf1+ 32. Qxf1 Qxe4 33. Nd3 d5 34. Re1 Be3 35. Qf3 Qxf3 36. gxf3 d4 37. h4 g5 38. hxg5 hxg5 39. Kg2 Kg7 40. Nb4 Rc8 41. Re2 Rc5 42. Kg3 Kf6 43. c4 dxc3 44. Rxe3 c2 45. Nxc2 Rxc2 1/2-1/2

[Event "9th RTU Open 2019"]
[Site "Riga"]
[Date "2019.08.09"]
[Round "7.25"]
[White "Lazavik, Denis"]
[Black "Kjartansson, Gudmundur"]
[Result "1/2-1/2"]
[ECO "D76"]
[WhiteElo "2339"]
[BlackElo "2470"]
[Annotator "ChessBase"]
[PlyCount "101"]
[EventDate "2019.08.05"]
[EventType "swiss"]
[EventCountry "LAT"]
[SourceTitle "playchess.com"]
[Source "ChessBase"]
[SourceQuality "1"]
[TimeControl "5400+30"]

1. d4 Nf6 2. c4 g6 3. g3 Bg7 4. Bg2 d5 5. cxd5 Nxd5 6. Nf3 O-O 7. O-O Nc6 8. Nc3 Nb6 9. e3 Re8 10. Re1 h6 11. h3 e5 12. d5 Na5 13. e4 c6 14. b4 Nac4 15. dxc6 bxc6 16. Qc2 Be6 17. Nd2 Qe7 18. Rb1 Nxd2 19. Bxd2 Nc4 20. Bc1 a5 21. b5 cxb5 22. Rxb5 Rec8 23. Qb1 Na3 24. Nd5 Bxd5 25. Bxa3 Qxa3 26. exd5 Ra7 27. Qb3 Qxb3 28. axb3 f5 29. d6 Rd8 30. Rd1 Rad7 31. Rxa5 Rxd6 32. Rad5 Rxd5 33. Rxd5 Rc8 34. Rd2 e4 35. Bf1 Rc1 36. Kg2 Kf8 37. Bc4 Ke7 38. h4 Bc3 39. Ra2 Bd4 40. Rd2 Bb6 41. Ra2 Rd1 42. Re2 Kf6 43. Rc2 Ke5 44. Be2 Rb1 45. Rc6 Rxb3 46. Rxg6 Rb2 47. Kf1 Rb1+ 48. Kg2 Rb2 49. Kf1 Rb1+ 50. Kg2 Rb2 51. Kf1 1/2-1/2

[Event "9th RTU Open 2019"]
[Site "Riga"]
[Date "2019.08.09"]
[Round "7.29"]
[White "Kopylov, Michael"]
[Black "Chukavin, Kirill"]
[Result "1/2-1/2"]
[ECO "E04"]
[WhiteElo "2415"]
[BlackElo "2300"]
[Annotator "NA"]
[PlyCount "57"]
[EventDate "2019.08.05"]
[EventType "swiss"]
[EventCountry "LAT"]
[SourceTitle "playchess.com"]
[Source "ChessBase"]
[SourceQuality "1"]
[TimeControl "5400+30"]

1. d4 Nf6 2. c4 e6 3. g3 d5 4. Bg2 dxc4 5. Nf3 Bd7 6. Ne5 Bc6 7. Nxc6 Nxc6 8. e3 Qd7 9. O-O O-O-O 10. Nd2 e5 11. Nxc4 exd4 12. Qb3 Nd5 13. Rd1 Bc5 14. Bd2 Qe6 15. Qb5 dxe3 16. Qxc5 exd2 17. Rxd2 Nb6 18. Rc2 Nxc4 19. Rxc4 Qe5 20. Bxc6 Qxc5 21. Rxc5 bxc6 22. Rxc6 Kb7 23. Rac1 Rd1+ 24. Kg2 Rxc1 25. Rxc1 Rd8 26. Rc2 Kb6 27. Kf3 c5 28. Ke3 Kb5 29. Rc3 1/2-1/2

[Event "9th RTU Open 2019"]
[Site "Riga"]
[Date "2019.08.09"]
[Round "7.30"]
[White "Ramsdal, Jens Albert"]
[Black "Low, Zhen Yu Cyrus"]
[Result "0-1"]
[ECO "A48"]
[WhiteElo "2257"]
[BlackElo "2413"]
[Annotator "NA"]
[PlyCount "78"]
[EventDate "2019.08.05"]
[EventType "swiss"]
[EventCountry "LAT"]
[SourceTitle "playchess.com"]
[Source "ChessBase"]
[SourceQuality "1"]
[TimeControl "5400+30"]

1. d4 Nf6 2. Bf4 g6 3. Nd2 Bg7 4. c3 O-O 5. e4 d6 6. Ngf3 Nc6 7. Bb5 Bd7 8. O-O e5 9. Bg5 h6 10. Bh4 Qe8 11. Bxc6 Bxc6 12. d5 Bd7 13. Bxf6 Bxf6 14. b4 Be7 15. Nb3 f5 16. Nfd2 c6 17. Nc4 Qf7 18. exf5 Bxf5 19. Ne3 cxd5 20. Qxd5 Qxd5 21. Nxd5 Bg5 22. g3 Bh3 23. Rfd1 Rf7 24. Nd2 Bg4 25. Ne4 Bxd1 26. Rxd1 Rd8 27. c4 Kf8 28. Kf1 Ke8 29. Ke2 Kd7 30. Ndc3 Ke6 31. c5 d5 32. Nd6 Rfd7 33. Nxd5 Be7 34. Nxe7 Rxe7 35. Kd3 b6 36. Kc4 Rc7 37. Rd3 a6 38. a4 Rc6 39. Rd5 b5+ {[%emt 0:01:35] Kd4} 0-1

[Event "9th RTU Open 2019"]
[Site "Riga"]
[Date "2019.08.09"]
[Round "7.31"]
[White "Akhvlediani, Irakli"]
[Black "Krivonosov, Oleg"]
[Result "1/2-1/2"]
[ECO "E08"]
[WhiteElo "2259"]
[BlackElo "2416"]
[Annotator "NA"]
[PlyCount "63"]
[EventDate "2019.08.05"]
[EventType "swiss"]
[EventCountry "LAT"]
[SourceTitle "playchess.com"]
[Source "ChessBase"]
[SourceQuality "1"]
[TimeControl "5400+30"]

1. d4 d5 2. c4 e6 3. Nf3 Nf6 4. g3 Bb4+ 5. Bd2 Be7 6. Bg2 O-O 7. O-O c6 8. Qc2 Nbd7 9. Bf4 b6 10. Rd1 Ba6 11. Ne5 Rc8 12. cxd5 Nxd5 13. Nc3 Nxc3 14. bxc3 Nxe5 15. Bxe5 Bc4 16. Be4 h6 17. Bh7+ Kh8 18. Bd3 Bxd3 19. Rxd3 f6 20. Bf4 Bd6 21. Bxd6 Qxd6 22. c4 e5 23. dxe5 Qxe5 24. Rad1 Rfe8 25. e3 Qe4 26. Qb3 Rc7 27. Rd4 Qf5 28. Rd6 Kh7 29. R1d4 Re5 30. Rd8 c5 31. R4d5 Rce7 32. Rxe5 1/2-1/2

[Event "9th RTU Open 2019"]
[Site "Riga"]
[Date "2019.08.09"]
[Round "7.33"]
[White "Galchenko, Matvey"]
[Black "Siniauski, Artsiom"]
[Result "1-0"]
[ECO "C01"]
[WhiteElo "2383"]
[BlackElo "2205"]
[Annotator "NA"]
[PlyCount "119"]
[EventDate "2019.08.05"]
[EventType "swiss"]
[EventCountry "LAT"]
[SourceTitle "playchess.com"]
[Source "ChessBase"]
[SourceQuality "1"]
[TimeControl "5400+30"]

1. e4 e6 2. d4 d5 3. Bd3 dxe4 4. Bxe4 Nf6 5. Bf3 c5 6. Ne2 Nc6 7. Be3 cxd4 8. Nxd4 Ne5 9. Nc3 Bb4 10. Ndb5 Nxf3+ 11. Qxf3 a6 12. Rd1 Qe7 13. a3 axb5 14. axb4 Qxb4 15. Bd4 Nd5 16. Bxg7 Rg8 17. Be5 Bd7 18. O-O Qg4 19. Qxg4 Rxg4 20. Nxd5 exd5 21. f3 Rc4 22. Rxd5 Rxc2 23. Rfd1 Bc6 24. Rd6 Kf8 25. R6d4 Rc4 26. R4d2 Re8 27. Bd4 Ra4 28. Kf2 Kg8 29. g4 Rd8 30. Bf6 Rxd2+ 31. Rxd2 h6 32. Kg3 Kh7 33. Rd8 Rb4 34. Bc3 Rb3 35. Rh8+ Kg6 36. Rg8+ Kh7 37. Rg7+ Kh8 38. Rxf7+ Kg8 39. Rf4 Kh7 40. Rd4 h5 41. h3 h4+ 42. Kxh4 Bxf3 43. Kg5 b4 44. Rxb4 Rxb4 45. Bxb4 Bd1 46. Bc3 Be2 47. h4 Bd1 48. h5 Be2 49. Kh4 Bd1 50. g5 Bc2 51. g6+ Bxg6 52. hxg6+ Kxg6 53. Kg4 Kf7 54. Kf5 Ke7 55. Ke5 Kd7 56. Kd5 Kc7 57. Kc5 Kb8 58. Kb6 Ka8 59. Kc7 Ka7 60. Bd4+ 1-0

[Event "9th RTU Open 2019"]
[Site "Riga"]
[Date "2019.08.09"]
[Round "8.3"]
[White "Puranik, Abhimanyu"]
[Black "Fedorov, Nikita M"]
[Result "1-0"]
[ECO "B48"]
[WhiteElo "2550"]
[BlackElo "1669"]
[Annotator "ChessBase"]
[PlyCount "93"]
[EventDate "2019.08.05"]
[EventType "swiss"]
[EventCountry "LAT"]
[SourceTitle "playchess.com"]
[Source "ChessBase"]
[SourceQuality "1"]
[TimeControl "5400+30"]

1. e4 c5 2. Nf3 e6 3. d4 cxd4 4. Nxd4 Nc6 5. Nc3 Qc7 6. Be3 a6 7. Qd2 Nf6 8. f4 b5 9. e5 b4 10. Ncb5 axb5 11. Nxb5 Qb8 12. exf6 gxf6 13. a4 bxa3 14. bxa3 Ba6 15. Rb1 Be7 16. g3 h5 17. a4 Bb7 18. Bg2 Rxa4 19. O-O h4 20. Nc3 Rb4 21. Ne4 hxg3 22. hxg3 Ba6 23. Rxb4 Qxb4 24. Qxb4 Nxb4 25. Rb1 Nc6 26. Nc5 Bc8 27. Bxc6 dxc6 28. Rb6 Bxc5 29. Bxc5 Kd7 30. Rb3 e5 31. Rd3+ Ke6 32. Rd6+ Kf5 33. Rxc6 Be6 34. Be7 Rh3 35. fxe5 fxe5 36. Bh4 Kg4 37. Rc5 f6 38. Kg2 Bf7 39. Rb5 Be6 40. Rb4+ Kh5 41. Bxf6 e4 42. Bh4 Bd7 43. Rb7 Bc8 44. Rc7 Bg4 45. Rc5+ Kh6 46. Re5 Bc8 47. c4 1-0

[Event "9th RTU Open 2019"]
[Site "Riga"]
[Date "2019.08.09"]
[Round "8.4"]
[White "Pultinevicius, Paulius"]
[Black "Theodorou, Nikolas"]
[Result "1-0"]
[ECO "E71"]
[WhiteElo "2485"]
[BlackElo "2548"]
[Annotator "ChessBase"]
[PlyCount "161"]
[EventDate "2019.08.05"]
[EventType "swiss"]
[EventCountry "LAT"]
[SourceTitle "playchess.com"]
[Source "ChessBase"]
[SourceQuality "1"]
[TimeControl "5400+30"]

1. d4 Nf6 2. c4 g6 3. Nc3 Bg7 4. e4 d6 5. h3 O-O 6. Be3 Na6 7. Bd3 c6 8. Nf3 e5 9. d5 cxd5 10. cxd5 Ne8 11. Rb1 f5 12. b4 f4 13. Bc1 g5 14. Nd2 Nac7 15. a4 Nf6 16. Nc4 Rf7 17. b5 Nce8 18. Be2 Bf8 19. g4 fxg3 20. fxg3 h6 21. b6 a6 22. Be3 Ng7 23. Na5 Bxh3 24. g4 Qc8 25. Rc1 Bxg4 26. Rxh6 Ngh5 27. Rxh5 Bxh5 28. Bxh5 Rh7 29. Bf3 Rh2 30. Bg1 Rb2 31. Rc2 g4 32. Bg2 Rxc2 33. Qxc2 Nh5 34. Bf1 Nf4 35. Bf2 Qd7 36. Nd1 Rc8 37. Nc4 Qh7 38. Nde3 Qh1 39. Qd1 Rxc4 40. Nxc4 Qxe4+ 41. Be3 Bg7 42. Kf2 Nxd5 43. Bg2 Qf5+ 44. Ke1 e4 45. Qb3 Bc3+ 46. Nd2 Kf8 47. Bh6+ Ke7 48. Qc4 e3 49. Qxd5 Qf2+ 50. Kd1 e2+ 51. Kc2 e1=Q 52. Qxb7+ Kf6 53. Bg7+ Kg5 54. Bxc3 Qfe2 55. Qd5+ Kh4 56. Kb2 Q1f2 57. b7 Qb6+ 58. Qb3 Qxb3+ 59. Kxb3 Qe8 60. Bd4 Qb8 61. Nc4 Kg3 62. Bd5 Kh2 63. Nb6 Qf8 64. Nd7 Qf5 65. b8=Q Qxd5+ 66. Kc3 g3 67. Qh8+ Kg2 68. Nb6 Qf3+ 69. Kb4 Qd3 70. Qa8+ Kh2 71. Qd5 Qd2+ 72. Bc3 Qf4+ 73. Qd4 Qf5 74. Qxd6 a5+ 75. Kc4 Qf1+ 76. Kc5 Qf5+ 77. Qe5 Qf8+ 78. Kb5 Kh1 79. Qh8+ Qxh8 80. Bxh8 g2 81. Bd4 1-0

[Event "9th RTU Open 2019"]
[Site "Riga"]
[Date "2019.08.09"]
[Round "8.5"]
[White "Haria, Ravi"]
[Black "Sulskis, Sarunas"]
[Result "0-1"]
[ECO "A11"]
[WhiteElo "2430"]
[BlackElo "2519"]
[Annotator "ChessBase"]
[PlyCount "122"]
[EventDate "2019.08.05"]
[EventType "swiss"]
[EventCountry "LAT"]
[SourceTitle "playchess.com"]
[Source "ChessBase"]
[SourceQuality "1"]
[TimeControl "5400+30"]

1. Nf3 d5 2. g3 c6 3. Bg2 Nf6 4. c4 dxc4 5. O-O Nbd7 6. Na3 Nb6 7. Ne5 Be6 8. Qc2 h5 9. h4 Qd4 10. Nxc6 bxc6 11. Bxc6+ Bd7 12. Bxa8 Nxa8 13. Qxc4 Qb6 14. d3 Qb7 15. Re1 e6 16. Be3 Nb6 17. Qc2 Bxa3 18. bxa3 O-O 19. Rab1 e5 20. f3 Re8 21. Rec1 Qa6 22. Qc5 Be6 23. Qd6 Qa5 24. Qc5 Qa4 25. Qb4 Qd7 26. Qb5 Qd8 27. Bxb6 axb6 28. Qxb6 Qa8 29. Qc5 Nd7 30. Qe3 Qxa3 31. Rc2 Qd6 32. Rbc1 Nf6 33. Qc5 Qb8 34. Qc7 Qa8 35. Qc6 Qd8 36. Qc5 Qb8 37. Kg2 Kh7 38. Kf2 Rc8 39. Qe3 Rxc2 40. Rxc2 Nd5 41. Qc5 Qb1 42. Rc1 Qxa2 43. Qc2 Qa7+ 44. Qc5 Qb8 45. d4 e4 46. Qc2 Nf6 47. fxe4 Ng4+ 48. Kf3 Qd8 49. e5+ g6 50. Rd1 Qa8+ 51. e4 Qa3+ 52. Rd3 Qa1 53. Rd1 Qa6 54. d5 Qa3+ 55. Ke2 Qe3+ 56. Kf1 Qxg3 57. Rd3 Nh2+ 58. Ke2 Bg4+ 59. Kd2 Nf3+ 60. Kc1 Qf4+ 61. Kb1 Ne1 0-1

[Event "9th RTU Open 2019"]
[Site "Riga"]
[Date "2019.08.09"]
[Round "8.10"]
[White "Grinev, Valeriy"]
[Black "Dastan, Muhammed Batuhan"]
[Result "0-1"]
[ECO "A88"]
[WhiteElo "2437"]
[BlackElo "2565"]
[Annotator "ChessBase"]
[PlyCount "118"]
[EventDate "2019.08.05"]
[EventType "swiss"]
[EventCountry "LAT"]
[SourceTitle "playchess.com"]
[Source "ChessBase"]
[SourceQuality "1"]
[TimeControl "5400+30"]

1. c4 f5 2. Nc3 Nf6 3. g3 g6 4. Nf3 Bg7 5. Bg2 O-O 6. O-O d6 7. d4 c6 8. Rb1 a5 9. Qb3 Na6 10. Rd1 h6 11. Na4 Rb8 12. Qb6 Be6 13. b3 Nd7 14. Qxd8 Rfxd8 15. d5 cxd5 16. cxd5 Bf7 17. Nd4 Nc7 18. Bb2 Bxd4 19. Rxd4 b5 20. Nc3 Nf6 21. Rbd1 b4 22. Na4 Kh7 23. R4d3 Kg7 24. Bd4 Rb5 25. Nb6 g5 26. e4 fxe4 27. Bxe4 Kf8 28. Bxf6 exf6 29. Nc4 f5 30. Bxf5 Nxd5 31. R1d2 Nc3 32. Ne3 Rc5 33. Rd4 Nb5 34. R4d3 d5 35. Nc2 d4 36. g4 Rc3 37. Kg2 Rxd3 38. Rxd3 Kg7 39. f4 Bd5+ 40. Kg3 Bb7 41. fxg5 hxg5 42. h4 gxh4+ 43. Kxh4 Kf6 44. Rd2 Ke5 45. Re2+ Kf4 46. Rf2+ Bf3 47. Kh5 Kg3 48. Rd2 Bxg4+ 49. Bxg4 Rd5+ 50. Kg6 Kxg4 51. Rf2 Nd6 52. Rd2 Nf5 53. a3 d3 54. Ne1 Nh4+ 55. Kf6 Nf3 56. Ng2 Rf5+ 57. Ke6 Nxd2 58. Ne3+ Kf4 59. Nxf5 bxa3 {[%emt 0:00:05] Ke5+ Kxe5} 0-1

[Event "9th RTU Open 2019"]
[Site "Riga"]
[Date "2019.08.09"]
[Round "8.11"]
[White "Wagner, Dennis"]
[Black "Korchmar, Vasiliy"]
[Result "1/2-1/2"]
[ECO "D38"]
[WhiteElo "2579"]
[BlackElo "2424"]
[Annotator "ChessBase"]
[PlyCount "124"]
[EventDate "2019.08.05"]
[EventType "swiss"]
[EventCountry "LAT"]
[SourceTitle "playchess.com"]
[Source "ChessBase"]
[SourceQuality "1"]
[TimeControl "5400+30"]

1. d4 Nf6 2. c4 e6 3. Nf3 d5 4. Nc3 Bb4 5. cxd5 exd5 6. Bg5 h6 7. Bh4 O-O 8. e3 Bf5 9. Be2 Nbd7 10. Qb3 Bxc3+ 11. Qxc3 c5 12. dxc5 g5 13. Bg3 Ne4 14. Qa3 Ndxc5 15. O-O Nxg3 16. hxg3 Qb6 17. Rfd1 Rfd8 18. Nd4 Be4 19. Bg4 Nd7 20. Bxd7 Rxd7 21. g4 Rc8 22. Rac1 Rdc7 23. Rxc7 Rxc7 24. b3 Qc5 25. Qb2 a5 26. f3 Bg6 27. Kf2 b5 28. a3 b4 29. axb4 Qxb4 30. Qd2 Rc3 31. Kg3 Qc5 32. Ra1 Kh7 33. Kf2 Qb4 34. Ra4 Qc5 35. Ra2 Qb4 36. Ra4 Qc5 37. Ra1 Qb4 38. Rd1 Qc5 39. Qe1 Qb4 40. Ra1 Qc5 41. Ra2 Qc7 42. Qd2 Qc5 43. Qe1 Qc7 44. Ra1 Qc5 45. Rd1 Qb4 46. Rc1 Rxc1 47. Qxc1 a4 48. bxa4 Qxa4 49. Qb2 Qd1 50. Ne2 Bd3 51. Ng3 Bg6 52. Qd4 Qxd4 53. exd4 Kg7 54. Ke3 Kf6 55. Kd2 Ke6 56. Kc3 Kd6 57. Kb4 Kc6 58. Ka5 Bd3 59. Nf5 h5 60. Ne7+ Kd6 61. Nf5+ Kc6 62. Ne7+ Kd6 1/2-1/2

[Event "9th RTU Open 2019"]
[Site "Riga"]
[Date "2019.08.09"]
[Round "8.12"]
[White "Gokerkan, Cem Kaan"]
[Black "Lalith Babu M R"]
[Result "0-1"]
[ECO "C54"]
[WhiteElo "2415"]
[BlackElo "2580"]
[Annotator "ChessBase"]
[PlyCount "78"]
[EventDate "2019.08.05"]
[EventType "swiss"]
[EventCountry "LAT"]
[SourceTitle "playchess.com"]
[Source "ChessBase"]
[SourceQuality "1"]
[TimeControl "5400+30"]

1. e4 e5 2. Nf3 Nc6 3. Bc4 Bc5 4. c3 Nf6 5. d3 a6 6. O-O d6 7. a4 Ba7 8. Re1 Ng4 9. Re2 Qf6 10. Bg5 Qg6 11. Nbd2 h6 12. Bh4 Nf6 13. Re1 Nh5 14. Nf1 O-O 15. Ne3 Be6 16. Nd5 Bh3 17. Bg5 hxg5 18. gxh3 Nf4 19. Nxf4 gxf4+ 20. Kf1 Qh6 21. Ng1 Ne7 22. Qg4 g6 23. Nf3 Kh8 24. Qd7 Ng8 25. Qxc7 Qxh3+ 26. Ke2 Qg2 27. Rf1 Nf6 28. Qxd6 Ng4 29. d4 Rad8 30. Qe7 exd4 31. Qh4+ Kg7 32. Rg1 d3+ 33. Bxd3 Qxf2+ 34. Qxf2 Nxf2 35. Bc2 Nxe4 36. Rgd1 Rde8 37. Kf1 Nf6 38. Re1 Ng4 39. Be4 Re7 0-1

[Event "9th RTU Open 2019"]
[Site "Riga"]
[Date "2019.08.09"]
[Round "8.13"]
[White "Jamieson, Peter M"]
[Black "Tania, Sachdev"]
[Result "1-0"]
[ECO "C91"]
[WhiteElo "2213"]
[BlackElo "2401"]
[Annotator "NA"]
[PlyCount "71"]
[EventDate "2019.08.05"]
[EventType "swiss"]
[EventCountry "LAT"]
[SourceTitle "playchess.com"]
[Source "ChessBase"]
[SourceQuality "1"]
[TimeControl "5400+30"]

1. e4 e5 2. Nf3 Nc6 3. Bb5 a6 4. Ba4 Nf6 5. O-O b5 6. Bb3 Bb7 7. Re1 Be7 8. d4 d6 9. c3 O-O 10. Nbd2 Nd7 11. Nf1 Na5 12. Bc2 c5 13. d5 Nb6 14. Ng3 Bc8 15. Nf5 Bxf5 16. exf5 Qd7 17. h4 Nb7 18. Ng5 Bf6 19. Qh5 Bxg5 20. f6 g6 21. Qxg5 Kh8 22. h5 Nxd5 23. Be4 Nc7 24. Qh6 Ne6 25. Re3 d5 26. Rd3 Rad8 27. Rxd5 Qxd5 28. Bxd5 Rxd5 29. hxg6 fxg6 30. Be3 Rxf6 31. a4 Nd6 32. Qh4 Rf7 33. axb5 axb5 34. Ra8+ Nf8 35. Bh6 Nf5 36. Bxf8 1-0

[Event "9th RTU Open 2019"]
[Site "Riga"]
[Date "2019.08.09"]
[Round "8.14"]
[White "Deepan Chakkravarthy J."]
[Black "Keinanen, Toivo"]
[Result "1/2-1/2"]
[ECO "E05"]
[WhiteElo "2532"]
[BlackElo "2386"]
[Annotator "ChessBase"]
[PlyCount "89"]
[EventDate "2019.08.05"]
[EventType "swiss"]
[EventCountry "LAT"]
[SourceTitle "playchess.com"]
[Source "ChessBase"]
[SourceQuality "1"]
[TimeControl "5400+30"]

1. Nf3 d5 2. g3 Nf6 3. Bg2 e6 4. O-O Be7 5. d4 O-O 6. c4 dxc4 7. Qc2 b5 8. a4 b4 9. Nbd2 Bb7 10. Nxc4 c5 11. dxc5 Be4 12. Qb3 Nbd7 13. Be3 Nd5 14. c6 Nxe3 15. Qxe3 Bxc6 16. Rfd1 Bd5 17. Nfe5 Bg5 18. f4 Nxe5 19. Nxe5 Bf6 20. Rac1 Bxe5 21. fxe5 Qd7 22. b3 Rfd8 23. Bxd5 exd5 24. Qd4 Qe7 25. Rc5 g6 26. Rxd5 Rxd5 27. Qxd5 Re8 28. Rf1 Qe6 29. Qxe6 Rxe6 30. Rf4 Rxe5 31. Rxb4 Rxe2 32. a5 Ra2 33. Rb8+ Kg7 34. b4 a6 35. Rb6 Rb2 36. g4 h5 37. g5 h4 38. h3 Rb3 39. Kf2 Kg8 40. Ke2 Kg7 41. Kf2 Kg8 42. Kf1 Kf8 43. Ke1 Kg8 44. Ke2 Kg7 45. Kf2 1/2-1/2

[Event "9th RTU Open 2019"]
[Site "Riga"]
[Date "2019.08.09"]
[Round "8.15"]
[White "Gukesh D"]
[Black "Galchenko, Matvey"]
[Result "1-0"]
[ECO "E33"]
[WhiteElo "2520"]
[BlackElo "2383"]
[Annotator "ChessBase"]
[PlyCount "91"]
[EventDate "2019.08.05"]
[EventType "swiss"]
[EventCountry "LAT"]
[SourceTitle "playchess.com"]
[Source "ChessBase"]
[SourceQuality "1"]
[TimeControl "5400+30"]

1. d4 Nf6 2. c4 Nc6 3. Nf3 e6 4. Nc3 Bb4 5. Qc2 d6 6. a3 Bxc3+ 7. Qxc3 a5 8. d5 Nb8 9. dxe6 Bxe6 10. b3 O-O 11. Bb2 Nbd7 12. Nd4 Nc5 13. f3 c6 14. g4 Bd7 15. h4 h5 16. g5 Ne8 17. e4 Qb8 18. O-O-O b5 19. Qc2 Qb6 20. g6 fxg6 21. Rg1 Ne6 22. Rxg6 Nf4 23. Rg5 Rc8 24. c5 dxc5 25. Nxb5 cxb5 26. Rxd7 Ne6 27. Rg6 c4 28. Qc3 Nf6 29. bxc4 b4 30. axb4 axb4 31. Qe5 Qe3+ 32. Rd2 Nc5 33. Kd1 Rcd8 34. Bd4 Qxf3+ 35. Be2 Qb3+ 36. Kc1 Ncxe4 37. Rb2 Qh3 38. Qe7 Rf7 39. Qxd8+ Kh7 40. Rg1 Rd7 41. Qb6 Nc3 42. Bxf6 gxf6 43. Qf2 Na4 44. Bf3 Qf5 45. Bd1 Rxd1+ 46. Rxd1 1-0

[Event "9th RTU Open 2019"]
[Site "Riga"]
[Date "2019.08.09"]
[Round "8.16"]
[White "Low, Zhen Yu Cyrus"]
[Black "Thybo, Jesper Sondergaard"]
[Result "0-1"]
[ECO "B69"]
[WhiteElo "2413"]
[BlackElo "2528"]
[Annotator "ChessBase"]
[PlyCount "88"]
[EventDate "2019.08.05"]
[EventType "swiss"]
[EventCountry "LAT"]
[SourceTitle "playchess.com"]
[Source "ChessBase"]
[SourceQuality "1"]
[TimeControl "5400+30"]

1. e4 c5 2. Nf3 d6 3. d4 cxd4 4. Nxd4 Nf6 5. Nc3 Nc6 6. Bg5 e6 7. Qd2 a6 8. O-O-O Bd7 9. f4 Be7 10. Nf3 b5 11. Bxf6 gxf6 12. Kb1 Qb6 13. f5 O-O-O 14. g3 Kb8 15. fxe6 fxe6 16. Bh3 Na5 17. Qd3 b4 18. Ne2 Bb5 19. Qd4 Qc7 20. Qf2 e5 21. Be6 Qc5 22. Rhf1 Nc4 23. Rd5 Qxf2 24. Rxf2 Nb6 25. Rd1 d5 26. exd5 Bc5 27. Rg2 Nc4 28. Re1 Ne3 29. Rgg1 Nxd5 30. Rgf1 Ne3 31. Rg1 e4 32. Nh4 Rd2 33. Nf4 Nxc2 34. Rd1 Rxh2 35. Rg2 Rxg2 36. Nhxg2 Nd4 37. Bd5 Re8 38. Ne3 Ne2 39. Nxe2 Bxe3 40. Nf4 Bxf4 41. gxf4 Rd8 42. Kc1 e3 43. Bf3 Rxd1+ 44. Kxd1 Kc7 0-1

[Event "9th RTU Open 2019"]
[Site "Riga"]
[Date "2019.08.09"]
[Round "8.17"]
[White "Vishnu Prasanna. V"]
[Black "Kruglyakov, Pavlo"]
[Result "1-0"]
[ECO "B84"]
[WhiteElo "2507"]
[BlackElo "2347"]
[Annotator "ChessBase"]
[PlyCount "113"]
[EventDate "2019.08.05"]
[EventType "swiss"]
[EventCountry "LAT"]
[SourceTitle "playchess.com"]
[Source "ChessBase"]
[SourceQuality "1"]
[TimeControl "5400+30"]

1. e4 c5 2. Nf3 d6 3. Nc3 Nf6 4. d4 cxd4 5. Nxd4 a6 6. Be3 e6 7. Be2 Be7 8. g4 Qc7 9. g5 Nfd7 10. Qd2 b5 11. a3 Bb7 12. f4 Nc5 13. Bf3 Nc6 14. Nxc6 Bxc6 15. O-O Qb7 16. Nd5 Bd8 17. f5 Nxe4 18. Bxe4 exd5 19. Bd3 Bb6 20. Qf2 Bxe3 21. Qxe3+ Qe7 22. Qxe7+ Kxe7 23. f6+ Kf8 24. fxg7+ Kxg7 25. Rf6 h6 26. Rxd6 Rac8 27. Bf5 Rc7 28. g6 h5 29. gxf7 Rxf7 30. Rg6+ Kh7 31. Bd3 Rg7 32. Rg3+ Kh6 33. Re1 Re8 34. Rf1 Rxg3+ 35. hxg3 Re6 36. Rf5 d4 37. Kf2 Rd6 38. Re5 Bd5 39. b3 Bf7 40. a4 bxa4 41. bxa4 Bg6 42. Ra5 Bxd3 43. cxd3 Rf6+ 44. Kg2 Rd6 45. Kh3 Rb6 46. Rd5 Rb4 47. a5 Ra4 48. Rd6+ Kg5 49. Rxa6 Ra3 50. Ra8 h4 51. a6 Kh6 52. a7 Kg7 53. Kxh4 Ra5 54. Kg4 Ra4 55. Kf5 Ra5+ 56. Ke4 Ra4 57. Kd5 1-0

[Event "9th RTU Open 2019"]
[Site "Riga"]
[Date "2019.08.09"]
[Round "8.18"]
[White "Grigorov, Grigor"]
[Black "Dordzhieva, Dinara"]
[Result "1-0"]
[ECO "E04"]
[WhiteElo "2501"]
[BlackElo "2319"]
[Annotator "ChessBase"]
[PlyCount "81"]
[EventDate "2019.08.05"]
[EventType "swiss"]
[EventCountry "LAT"]
[SourceTitle "playchess.com"]
[Source "ChessBase"]
[SourceQuality "1"]
[TimeControl "5400+30"]

1. d4 Nf6 2. c4 e6 3. Nf3 d5 4. g3 c6 5. Bg2 dxc4 6. Ne5 b5 7. Nxc6 Qb6 8. Na5 Nd5 9. Bd2 Nd7 10. Nc3 N7f6 11. a4 b4 12. Nxd5 Nxd5 13. Nxc4 Qxd4 14. Qb3 Be7 15. Rd1 Ba6 16. Ne3 O-O 17. Bc1 Qe5 18. Bxd5 exd5 19. Qxd5 Qc7 20. Qd7 Qc5 21. Nd5 Rfe8 22. Be3 Qc4 23. O-O Bf8 24. Rd2 Red8 25. Qf5 Bb7 26. Rfd1 Rd6 27. Bf4 Rxd5 28. Rxd5 Bxd5 29. Rxd5 Qxe2 30. Rd7 Qxb2 31. Qxf7+ Kh8 32. Qd5 Rc8 33. Be5 Qc1+ 34. Kg2 Qh6 35. Rxa7 Re8 36. Bd4 Qg6 37. a5 h6 38. Ra8 Kh7 39. Rxe8 Qxe8 40. a6 b3 41. a7 1-0

[Event "9th RTU Open 2019"]
[Site "Riga"]
[Date "2019.08.09"]
[Round "8.19"]
[White "Stremavicius, Titas"]
[Black "Shailesh, Dravid"]
[Result "1/2-1/2"]
[ECO "E11"]
[WhiteElo "2490"]
[BlackElo "2254"]
[Annotator "ChessBase"]
[PlyCount "138"]
[EventDate "2019.08.05"]
[EventType "swiss"]
[EventCountry "LAT"]
[SourceTitle "playchess.com"]
[Source "ChessBase"]
[SourceQuality "1"]
[TimeControl "5400+30"]

1. d4 Nf6 2. c4 Nc6 3. Nf3 e6 4. g3 Bb4+ 5. Bd2 Qe7 6. Bg2 Bxd2+ 7. Nbxd2 d6 8. O-O O-O 9. e4 e5 10. d5 Nb8 11. Ne1 a5 12. Nd3 Na6 13. Re1 Nd7 14. a3 Ndc5 15. Nxc5 Nxc5 16. b4 axb4 17. axb4 Rxa1 18. Qxa1 Nd3 19. Rb1 Qf6 20. Nf3 Bg4 21. Qc3 Bxf3 22. Qxd3 Bxg2 23. Kxg2 Ra8 24. Rb2 Qg5 25. Rc2 h5 26. c5 h4 27. cxd6 cxd6 28. Qf3 Qh6 29. Qg4 hxg3 30. hxg3 g6 31. Rc8+ Rxc8 32. Qxc8+ Kg7 33. Qxb7 Qd2 34. Qb6 Qe1 35. Qxd6 Qxe4+ 36. Kh2 g5 37. Qc5 Qh7+ 38. Kg2 Qe4+ 39. Kf1 g4 40. Qe3 Qh1+ 41. Ke2 Qxd5 42. Qg5+ Kf8 43. Qxg4 e4 44. Qc8+ Kg7 45. Qc3+ Kg6 46. Ke3 f5 47. Qd4 Qc6 48. Qc5 Qe6 49. Ke2 Qd7 50. b5 Qd3+ 51. Ke1 Kf6 52. Qb4 e3 53. Qb2+ Kg6 54. b6 e2 55. Qxe2 Qb1+ 56. Qd1 Qxb6 57. Kf1 Qc6 58. Kg1 Qe4 59. Kh2 Kg5 60. f4+ Kg6 61. Kh3 Kh6 62. Qa1 Kg6 63. Qa6+ Kh5 64. Qf1 Kg6 65. Qa1 Qe2 66. Qa7 Qf1+ 67. Kh2 Qe2+ 68. Kg1 Qe1+ 69. Kg2 Qe4+ 1/2-1/2